 Dungeon Crawl Stone Soup version 0.13-a0-2301-g23820b6 (webtiles) character file.

166 M4edhros the Sneak (level 4, -1/29 HPs)
             Began as an Octopode Artificer on July 8, 2013.
             Slain by Sigmund
             ... wielding a +0,+0 scythe
              (13 damage)
             ... on Level 2 of the Dungeon.
             The game lasted 00:01:50 (1697 turns).

M4edhros the Sneak (Octopode Artificer)             Turns: 1697, Time: 00:01:50

HP  -1/29        AC  1     Str 10      XL: 4   Next: 25%
MP   6/6         EV 12     Int 15      God:
Gold 94          SH  0     Dex 12      Spells:  0 memorised,  3 levels left

Res.Fire  : . . .   See Invis. : .   a - +0 short sword
Res.Cold  : . . .   Warding    : .   (no shield)
Life Prot.: . . .   Conserve   : .   (helmet restricted)
Res.Poison: .       Res.Corr.  : .   (no amulet)
Res.Elec. : .       Clarity    : .   (no ring)
Sust.Abil.: . .     Spirit.Shd : .   (no ring)
Res.Mut.  : .       Stasis     : .   (no ring)
Res.Rott. : .       Flight     : .   (no ring)
Saprovore : . . .                    (no ring)
                                     (no ring)
                                     (no ring)
                                     (no ring)

@: slightly resistant to hostile enchantments, very stealthy
A: almost no armour, amphibious, 8 rings, constrict 8, camouflage 1, AC +1
a: no special abilities


You were on level 2 of the Dungeon.
You were very hungry.

You visited 1 branch of the dungeon, and saw 3 of its levels.

You collected 74 gold pieces.

Inventory:

Hand weapons
 a - a +0,+0 short sword (weapon)
Magical devices
 b - a wand of flame (15)
 c - a wand of enslavement (12)
 d - a wand of random effects (15)
Comestibles
 f - 2 bread rations
 o - an apple
Scrolls
 j - 2 scrolls of fog {unknown}
 l - a scroll of identify {unknown}
 p - a scroll of enchant armour {unknown}
Jewellery
 i - an uncursed amulet of clarity {unknown}
 k - an uncursed ring of fire {unknown}
Potions
 e - a potion of magic {unknown}
 g - 2 potions of curing {unknown}
 h - 2 potions of porridge {unknown}
 m - 2 potions of slowing {unknown}
 n - a potion of restore abilities {unknown}
 q - a potion of heal wounds {unknown}
 r - a potion of poison {unknown}
 s - a potion of cure mutation {unknown}


   Skills:
 - Level 1.0 Fighting
 + Level 2.0 Short Blades
 - Level 2.0 Dodging
 * Level 5.1 Stealth
 - Level 2.1 Traps
 - Level 3.2 Evocations


You had 3 spell levels left.
You didn't know any spells.

Dungeon Overview and Level Annotations

Branches:
Dungeon (3/27)

Altars:

Annotations
D:2 Sigmund
D:3 Restia's ghost, average FeBe


Innate Abilities, Weirdness & Mutations

You cannot wear most types of armour.
You are amphibious.
You can wear up to eight rings at the same time.
You can use your tentacles to constrict many enemies at once.
Your skin changes colour to match your surroundings (Stlth).
Your rubbery body absorbs attacks (AC +1).


Message History

You resist.
You hit Sigmund but do no damage.
Sigmund is lightly wounded.
You constrict Sigmund, but do no damage.
Sigmund hits you with a scythe!
Unknown command.
Evoke which item? (* to show all) (? for menu, Esc to quit)
Zapping:
c - a wand of enslavement (14)
Press: ? - help, Shift-Dir - straight line, f - Sigmund
Aim: Sigmund, wielding a scythe and wearing a runed robe (lightly wounded, constricted by you) Sigmund resists with some effort.
This wand has 13 charges left.
You constrict Sigmund.
That item cannot be evoked!
Evoke which item? (* to show all) (? for menu, Esc to quit)
Zapping:
c - a wand of enslavement (13)
Press: ? - help, Shift-Dir - straight line, f/p - Sigmund
Aim: Sigmund, wielding a scythe and wearing a runed robe (lightly wounded, constricted by you) Sigmund resists.
This wand has 12 charges left.
You constrict Sigmund. Sigmund hits you with a scythe!
You die...

##.....# .# ##)# ....##.# .# #.#
#.....#####.#####.# ### ###
##.##..............#####.#####.##
##.###..#.#.##.#.###........##(..
##......#.#.#.###.##.###.......##
...###.##.#..## ##........#.##.#
#### #......#.###@#...#........#
# ###...###.#@##.#.#.#.#....# .
#...# ##.###...#.#.####.# ..
#...# #.# ###.#.#.####.## .#.
#...# #.# #.#.#........
.#.#####...####.## #.#.##.......
.#...............# #.#.##.......
.................# #.#......>...
...........%.....# #.####.......
. #####...####### ..# #.......


You could see Sigmund.

Vanquished Creatures
  2 adders (D:2)
  A gnoll (D:1)
  A worm (D:2)
  2 giant geckos
  2 giant cockroaches (D:1)
  5 goblins (D:1)
  5 hobgoblins
  6 kobolds
  A ball python (D:2)
  6 bats (D:1)
  2 giant newts (D:1)
  2 rats (D:1)
35 creatures vanquished.

Vanquished Creatures (others)
  A rat (D:1)
1 creature vanquished.

Grand Total: 36 creatures vanquished

Notes
Turn   | Place    | Note
--------------------------------------------------------------
     0 | D:1      | M4edhros, the Octopode Artificer, began the quest for the Orb.
     0 | D:1      | Reached XP level 1. HP: 14/14 MP: 1/1
   193 | D:1      | Reached XP level 2. HP: 19/19 MP: 3/3
   393 | D:1      | Reached XP level 3. HP: 24/24 MP: 4/4
   508 | D:1      | Reached skill level 4 in Stealth
   935 | D:2      | Noticed Sigmund
   988 | D:3      | Noticed Restia's ghost (average FeBe)
  1220 | D:2      | HP: 1/24 [worm (11)]
  1222 | D:2      | Reached XP level 4. HP: 1/29 MP: 6/6
  1569 | D:2      | Reached skill level 5 in Stealth
  1697 | D:2      | Slain by Sigmund

Action                   |  1- 3 |  4- 6 || total
-------------------------+-------+-------++-------
Melee: Short sword       |    58 |    14 ||    72
Evoke: Wand              |     1 |     2 ||     3
 Stab: Sleeping          |    11 |       ||    11
       Distracted        |     1 |       ||     1
